Description

This is the first round in the SoS vs DNS round.

VOD

https://www.youtube.com/watch?v=y6m_25xSWOU

Replay - DnS v sOs: Game 1 - Catalyst LE

Build Order

Get SALT Encoding   

  12  0:00  Probe  
  13  0:12  Probe  
  14  0:17  Pylon  
  14  0:24  Probe (Chrono Boost)  
  15  0:36  Probe (Chrono Boost)  
  15  0:40  Gateway  
  16  0:44  Probe (Chrono Boost)  
  16  0:47  Assimilator  
  17  0:51  Probe (Chrono Boost)  
  17  0:55  Assimilator  
  18  1:03  Probe (Chrono Boost)  
  19  1:11  Probe (Chrono Boost)  
  20  1:14  Gateway  
  20  1:17  Probe  
  21  1:29  Cybernetics Core, Probe  
  22  1:37  Pylon  
  24  2:05  Stalker x2  
  28  2:20  Stargate  
  28  2:23  Pylon  
  28  2:30  Pylon  
  27  2:56  Nexus  
  27  3:06  Shield Battery  
  27  3:08  Oracle (Chrono Boost)  
  31  3:28  Stalker  
  31  3:33  Shield Battery  
  33  3:37  Stalker  
  35  3:45  Shield Battery  
  35  3:47  Phoenix (Chrono Boost)  
  35  3:54  Pylon  
  37  4:00  Shield Battery  
  37  4:11  Phoenix (Chrono Boost)  
  32  4:28  Phoenix (Chrono Boost)  
Spawning Tool Build Advisor. Get it on Overwolf

Go to:

Details

  • Created by: Allyosn
  • Published on: Apr 23, 2018
  • Modified on: Apr 23, 2018
  • Patch: 4.0.0
Show
View Real Time Build Order
Export as new Build Order

Comments (0)

There are no comments. Be the first!

Create an account to comment!